 Dungeon Crawl Stone Soup version 0.20.1-1-g8b1a95d (webtiles) character file.

14439 Timinator the Grappler (level 11, -8/111 HPs)
             Began as a Troll Monk on Nov 3, 2017.
             Was a High Priest of Okawaru.
             Killed from afar by Harold (12 damage)
             ... with a bolt of fire
             ... while paralysed by a wizard
             ... on level 11 of the Dungeon.
             The game lasted 00:15:15 (10262 turns).

Timinator the Grappler (Troll Monk)                Turns: 10262, Time: 00:15:15

Health: -8/111     AC:  7    Str: 23    XL:     11   Next: 88%
Magic:  9/10       EV:  1    Int:  7    God:    Okawaru [*****.]
Gold:   1354       SH:  0    Dex: 14    Spells: 10/10 levels left

rFire    + . .     SeeInvis .     - Unarmed
rCold    + . .     Gourm    +   j - +3 large shield {reflect}
rNeg     . . .     Faith    .   y - +2 robe {rC+}
rPois    .         Spirit   .   (helmet restricted)
rElec    .         Reflect  +   (no cloak)
rCorr    .         Harm     .   (gloves unavailable)
MR       .....                  (boots unavailable)
Stlth    +++.......             (no amulet)
Regen    0.7/turn               f - +2 ring of strength
MPRegen  0.2/turn               g - ring of protection from fire

@: paralysed, heroism, held, drained
A: unfitting armour, claws 3, fast metabolism 3, gourmand, regeneration 1,
shaggy fur 1, tough skin 2
a: Heroism, Finesse, Renounce Religion


You were on level 11 of the Dungeon.
You worshipped Okawaru.
Okawaru was extremely pleased with you.
You were very full.

You visited 2 branches of the dungeon, and saw 12 of its levels.
You also visited: Sewer and Bailey.

You collected 1354 gold pieces.

Inventory:

Hand Weapons
 z - a +1 longbow of flaming
Armour
 j - a +3 large shield of reflection (worn)
 y - a +2 robe of cold resistance (worn)
Jewellery
 f - a +2 ring of strength (left claw)
 g - a ring of protection from fire (right claw)
Wands
 a - a wand of random effects (32/48)
 i - a wand of flame (48/48)
 m - a wand of polymorph (6/24)
 s - a wand of confusion (28/48)
 v - a wand of polymorph (12/24)
 w - a wand of iceblast (11/15)
 C - a wand of iceblast (6/15)
 H - a wand of iceblast (2/15)
Scrolls
 h - 8 scrolls of identify
 k - 2 scrolls of recharging
 p - 2 scrolls of teleportation
 q - 4 scrolls of amnesia
 t - 8 scrolls of remove curse
 E - 2 scrolls of enchant weapon
Potions
 c - a potion of haste
 d - 3 potions of curing
 e - 2 potions of flight
 l - a potion of lignification
 o - 2 potions of might {unknown}
 x - a potion of heal wounds {unknown}
 B - a potion of mutation {unknown}
 D - a potion of magic {unknown}
 F - a potion of ambrosia
Books
 n - a Young Poisoner's Handbook

   Spells                             Type                      Level
   a - Sting                          Conjuration/Poison           1
   b - Poisonous Vapours              Poison/Air                   2
   c - Mephitic Cloud                 Conjuration/Poison/Air       3
   d - Olgreb's Toxic Radiance        Poison                       4
   e - Venom Bolt                     Conjuration/Poison           5
Comestibles
 b - 8 bread rations
 r - 7 meat rations
 u - 6 royal jellies
 A - 2 fruits


   Skills:
 + Level 8.3(12.5) Fighting
 + Level 8.6(12.9) Dodging
 - Level 1.0(5.4) Stealth
 + Level 2.9(7.2) Shields
 * Level 13.4(17.6) Unarmed Combat


You had 10 spell levels left.
You didn't know any spells.

Dungeon Overview and Level Annotations

Branches:
Dungeon (11/15)            Temple (1/1) D:4            Lair (0/6) D:9
    Orc (0/2) D:10

Altars:
Ashenzari
Cheibriados
Dithmenos
Elyvilon
Fedhas
Gozag
Hepliaklqana
Kikubaaqudgha
Makhleb
Nemelex Xobeh
Okawaru
Qazlal
Ru
Sif Muna
Trog
Uskayaw
Vehumet
Xom
Yredelemnul
Zin
The Shining One

Shops:
D:4 *   D:6 !   D:7 =   D:10 :

Annotations:
D:3 1 runed door
D:11 Harold


Innate Abilities, Weirdness & Mutations

You are too large for most types of armour.
You have claws for hands.
Your metabolism is lightning-fast.
You like to eat raw meat.
Your natural rate of healing is unusually fast.
You are covered in fur. (AC +1)
You have very tough skin. (AC +2)


Message History

You struggle against the net.
The wizard points at you and mumbles some strange words.
You suddenly lose the ability to move!
The bullfrog hits you but does no damage.
Something hits you!!
The bullfrog hits you but does no damage.
The orc knight hits you with a rapier. Something hits you but does no damage.
Harold casts a spell at you.
The bolt of fire hits something.
The bolt of fire hits you! You resist.
The bullfrog hits you but does no damage.
You hear a shout!
Something hits you!!
* * * LOW HITPOINT WARNING * * *
The orc knight hits you with a rapier!!
* * * LOW HITPOINT WARNING * * *
The bullfrog hits you.
* * * LOW HITPOINT WARNING * * *
Harold casts a spell at you.
The bolt of fire hits something.
The bolt of fire hits you! You resist.
You die...

.. #.. #.# #..# #....##
#..####..# #.....# #...#...#
##.....# #......# #......#
#### #.....# ###......#
#....
####...#####........##.....
...#.............F.......#
..?.............@.@..##
.................o....#..#
....#.............p.........
...##.......................
...#..)..#######:.....%.?...
......).## ####.........
#...(<..# ..........
##.รท..)## #...........
##....# #............


You could see Harold, an orc knight, a wizard and a bullfrog.

Vanquished Creatures
  The ghost of Thaneod the Cleaver, a journeyman DsBe of Trog (Bailey)
  The ghost of AdmiralAndromeda the Grappler, a novice TrBe of Trog (D:8)
  3 two-headed ogres
  The ghost of Aoifster the Cleaver, a novice HOFi of Okawaru (Bailey)
  An ugly thing (D:8)
  2 gargoyles (D:10)
  A troll (D:10)
  3 hippogriffs
  Sigmund (D:4)
  8 yaks
  3 wyverns
  A hungry ghost (D:9)
  2 water moccasins
  An acid dragon (D:10)
  A swamp drake (D:9)
  5 ice beasts
  3 sky beasts
  10 orc warriors
  2 black bears
  3 eyes of draining
  4 ogres
  A necrophage (D:8)
  2 phantoms
  5 centaurs
  7 big kobolds (Sewer)
  A crocodile (D:9)
  7 bullfrogs
  A wyvern zombie (D:10)
  6 scorpions
  6 wights
  5 howler monkeys
  4 crimson imps
  2 quasits
  7 hounds
  7 orc priests
  A jelly (D:8)
  13 orc wizards
  2 bullfrog skeletons
  7 worker ants
  4 iguanas
  Ijyb (D:5)
  A hound zombie (D:6)
  2 worker ant zombies
  A gnoll (Bailey)
  18 adders
  3 river rats (Sewer)
  3 shadow imps
  4 oozes (Sewer)
  6 worms
  A dart slug (D:3)
  8 leopard geckos
  53 orcs
  8 ball pythons
  8 giant cockroaches
  11 goblins
  11 hobgoblins
  14 jackals
  2 quokkas
  5 bats
  7 frilled lizards
  16 kobolds
  A leopard gecko zombie (D:5)
  A quokka zombie (D:5)
  5 rats
335 creatures vanquished.

Notes
Turn   | Place    | Note
-------+----------+-------------------------------------------
     0 | D:1      | Timinator the Troll Monk began the quest for the Orb.
     0 | D:1      | Reached XP level 1. HP: 22/22 MP: 0/0
   110 | D:1      | Reached XP level 2. HP: 27/29 MP: 1/1
   362 | D:1      | Reached XP level 3. HP: 35/36 MP: 2/2
   912 | D:2      | Reached skill level 4 in Unarmed Combat
   930 | D:2      | Found a shattered altar of Ashenzari.
   985 | D:2      | Reached XP level 4. HP: 42/44 MP: 3/3
  1527 | D:3      | Found a runed door.
  1527 | D:3      | Found a glowing golden altar of the Shining One.
  1527 | D:3      | Noticed an angel
  1890 | D:4      | Reached XP level 5. HP: 52/52 MP: 4/4
  1956 | D:4      | Reached skill level 5 in Unarmed Combat
  1991 | D:4      | Found a staircase to the Ecumenical Temple.
  2020 | Temple   | Entered the Ecumenical Temple
  2125 | Temple   | Became a worshipper of Warmaster Okawaru
  2125 | Temple   | Reached * piety under Okawaru
  2125 | Temple   | Reached ** piety under Okawaru
  2240 | D:4      | Found a glowing drain.
  2270 | Sewer    | Entered a sewer
  2495 | Sewer    | Reached XP level 6. HP: 48/61 MP: 5/5
  2738 | Sewer    | Reached skill level 6 in Unarmed Combat
  2787 | Sewer    | Reached XP level 7. HP: 62/68 MP: 6/6
  2971 | Sewer    | Reached *** piety under Okawaru
  3043 | D:4      | Noticed Sigmund
  3052 | D:4      | Killed Sigmund
  3052 | D:4      | Reached skill level 7 in Unarmed Combat
  3232 | D:4      | Reached XP level 8. HP: 75/79 MP: 7/7
  3275 | D:4      | Found Hefes's Assorted Antiques.
  3467 | D:5      | Entered Level 5 of the Dungeon
  3632 | D:5      | Noticed Ijyb
  3638 | D:5      | Reached skill level 5 in Dodging
  3643 | D:5      | Killed Ijyb
  3643 | D:5      | Reached skill level 8 in Unarmed Combat
  3890 | D:6      | Found Zeharus's Distillery.
  3893 | D:6      | Reached **** piety under Okawaru
  3893 | D:6      | Reached skill level 5 in Fighting
  4232 | D:6      | Reached XP level 9. HP: 86/88 MP: 8/8
  4290 | D:6      | Reached skill level 9 in Unarmed Combat
  4302 | D:6      | Found a shadowy altar of Dithmenos.
  5400 | D:7      | Found Ziecefue's Jewellery Shoppe.
  5561 | D:7      | Reached ***** piety under Okawaru
  5614 | D:7      | Reached skill level 10 in Unarmed Combat
  5842 | D:8      | Noticed a two-headed ogre
  5872 | D:8      | Killed a two-headed ogre
  5872 | D:8      | Reached XP level 10. HP: 66/100 MP: 9/9
  5958 | D:8      | Noticed AdmiralAndromeda's ghost (novice TrBe)
  6770 | D:8      | Reached skill level 11 in Unarmed Combat
  6808 | D:8      | Noticed a brown ugly thing
  6815 | D:8      | Killed a brown ugly thing
  6945 | D:8      | Killed AdmiralAndromeda's ghost
  7461 | D:9      | Received a gift from Okawaru
  7566 | D:9      | Noticed a two-headed ogre
  7580 | D:9      | Killed a two-headed ogre
  7580 | D:9      | Reached skill level 12 in Unarmed Combat
  7676 | D:9      | Found a flagged portal.
  7950 | Bailey   | Entered a bailey
  7965 | Bailey   | Noticed Aoifster's ghost (novice HOFi)
  7965 | Bailey   | Noticed Thaneod's ghost (journeyman DsBe)
  7978 | Bailey   | Killed Aoifster's ghost
  7978 | Bailey   | Reached XP level 11. HP: 66/109 MP: 2/10
  7989 | Bailey   | Killed Thaneod's ghost
  8283 | D:9      | Identified a scroll of acquirement
  8553 | D:9      | Found a staircase to the Lair.
  8622 | D:10     | Entered Level 10 of the Dungeon
  8769 | D:10     | Found Ifoa's Book Boutique.
  8802 | D:10     | Found a hazy altar of Hepliaklqana.
  8806 | D:10     | Noticed a two-headed ogre
  8813 | D:10     | Killed a two-headed ogre
  8813 | D:10     | Reached skill level 1 in Shields
  9099 | D:10     | Received a gift from Okawaru
  9403 | D:10     | Reached skill level 13 in Unarmed Combat
  9764 | D:10     | Found a staircase to the Orcish Mines.
  9937 | D:11     | Found a glowing golden altar of the Shining One.
 10245 | D:11     | Noticed Harold
 10246 | D:11     | Noticed a wizard
 10246 | D:11     | Noticed an orc knight
 10248 | D:11     | Noticed a deep elf knight
 10260 | D:11     | Paralysed by a wizard for 3 turns
 10262 | D:11     | HP: 5/111 [orc knight/rapier (18)]
 10262 | D:11     | Killed from afar by Harold

Skill      XL: |  1  2  3  4  5  6  7  8  9 10 11 |
---------------+----------------------------------+-----
Dodging        | 3 4 5 6 7 8 |  8.6
Unarmed Combat | 4 5 6 7 8 10 12 13 | 13.4
Fighting       | 3 4 5 6 7 8 |  8.3
Shields        | 2 |  2.9
Stealth        | |  1.0

Action                   |  1- 3 |  4- 6 |  7- 9 | 10-12 || total
-------------------------+-------+-------+-------+-------++-------
Melee: Unarmed           |    93 |   189 |   311 |   489 ||  1082
       Punch             |     3 |     4 |     8 |    16 ||    31
Invok: Heroism           |       |       |     1 |     8 ||     9
       Finesse           |       |       |       |     2 ||     2
  Use: Scroll            |       |       |    11 |     9 ||    20
       Potion            |       |       |     6 |     4 ||    10
 Stab: Sleeping          |     1 |     4 |     3 |     2 ||    10
       Distracted        |       |       |     1 |       ||     1
  Eat: Chunk             |     4 |    16 |    34 |    35 ||    89
       Royal jelly       |     1 |       |       |     1 ||     2
       Bread ration      |       |       |     1 |     1 ||     2
       Meat ration       |       |       |       |     1 ||     1
Armor: Robe              |    45 |    58 |    64 |   117 ||   284
       Skin              |       |       |       |     1 ||     1
Dodge: Dodged            |    40 |    92 |   133 |   210 ||   475
Block: Large shield      |       |       |       |   220 ||   220
       Reflection        |       |       |       |     6 ||     6
